 Dungeon Crawl Stone Soup version 0.15-a0-734-g2b8d6ef (webtiles) character file.

262 PolkaDot the Caller (level 5, -1/35 HPs)
             Began as a Vampire Summoner on May 11, 2014.
             Killed from afar by Ijyb (25 damage)
             ... with a wand of lightning
             ... on Level 3 of the Dungeon.
             The game lasted 00:17:43 (3034 turns).

PolkaDot the Caller (Vampire Summoner)              Turns: 3034, Time: 00:17:44

HP  -1/35        AC  2     Str  9      XL: 5   Next: 97%
MP  18/18        EV 12     Int 16      God:
Gold 85          SH  0     Dex 14      Spells:  3 memorised,  2 levels left

rFire  . . .     SeeInvis +     g - +2,+1 hand axe (vamp)
rCold  . . .     Clarity  +     a - +0 robe
rNeg   . . .     Conserve .     (no shield)
rPois  .         rCorr    .     (no helmet)
rElec  .         rRot     .     (no cloak)
SustAb . .       Spirit   .     (no gloves)
rMut   .         Warding  .     (no boots)
Gourm  .         Stasis   .     k - amulet of clarity
MR     .....                    (no ring)
                                j - ring of magical power

@: regenerating very quickly, not resistant to hostile enchantments, unstealthy
A: fangs 3, see invisible, dopey 1, strong 1, unbreathing
a: no special abilities


You were on level 3 of the Dungeon.
You were almost alive.

You visited 1 branch of the dungeon, and saw 3 of its levels.

You collected 85 gold pieces.

Inventory:

Hand weapons
 g - a +2,+1 vampiric hand axe (weapon)
Missiles
 m - a dart (quivered)
Armour
 a - a +0 robe (worn)
Scrolls
 c - 5 scrolls of remove curse {unknown}
 d - a scroll of fog {unknown}
 f - a scroll of amnesia {unknown}
 h - a scroll of teleportation {unknown}
 l - a scroll of enchant weapon I {unknown}
 n - a scroll of recharging {unknown}
Jewellery
 i - an uncursed amulet of faith
 j - a ring of magical power (left hand)
 k - an amulet of clarity (around neck)
Potions
 e - a potion of restore abilities
 o - a potion of curing
 p - 2 potions of poison {unknown}
 q - a potion of agility {unknown}
Books
 b - a book of Callings

   Spells                             Type                      Level
   *Summon Small Mammal               Summoning                    1
   *Call Imp                          Summoning                    2
   *Call Canine Familiar              Summoning                    3
   Summon Guardian Golem              Hexes/Summoning              4
   Summon Lightning Spire             Summoning/Air                4
   Summon Ice Beast                   Ice/Summoning                4


   Skills:
 - Level 1.0 Throwing
 - Level 2.1 Dodging
 - Level 3.0 Stealth
 - Level 2.4 Spellcasting
 + Level 6.9 Summonings


You had 2 spell levels left.
You knew the following spells:

 Your Spells              Type           Power        Failure   Level  Hunger
a - Summon Small Mammal   Summ           ###.         1%          1    #......
d - Call Canine Familiar  Summ           ###.....     3%          3    ####...
s - Call Imp              Summ           ###.....     1%          2    ##.....


Dungeon Overview and Level Annotations

Branches:
Dungeon (3/15)

Altars:
Gozag
Nemelex Xobeh
Qazlal

Annotations:
D:3 Ijyb


Innate Abilities, Weirdness & Mutations

Your natural rate of healing is extremely fast.
You have razor-sharp teeth.*
You have supernaturally acute eyesight.
You can survive without breathing.*
You are dopey. (Int -2)
Your muscles are strong. (Str +2)


Message History

You draw the rat's blood!
You feel slightly more full.
You hit the rat.
You kill the rat!
No target in view!
No target in view!
No target in view!
You see here a rat corpse.
Drink blood from a rat corpse? (ye/n/q/i?) This warm blood tastes delicious!
You stop draining the corpse.
All blood oozes out of the corpse!
Ijyb comes into view.
He is wielding a dagger.
Ijyb shouts!
You see here a blue potion.
q - a blue potion Ijyb zaps a wand.
The bolt of lightning misses you.
Ijyb zaps a wand.
The bolt of lightning hits you!
You close the door.
Ijyb opens the door.
Ijyb zaps a wand.
The bolt of lightning hits you!
Ouch! That really hurt!
You die...

## .### ### .'.. .... .###
#....
...######.....##############
%..'.........g'.@..........#
...##...#.....##..########.#
...##...#'### #..# #.#
...........# #..# #.#
...........# #... #.#
...........# #..## #.#
...........# #### #>#
###........# #.#
..#........... #.#


You could see Ijyb.

Vanquished Creatures
  The ghost of Plastic the Cudgeler, an average OgBe of Trog (D:3)
  An orc priest (D:3)
  A worker ant (D:3)
  A giant mite (D:2)
  2 giant geckos (D:2)
  3 orcs (D:3)
  3 giant cockroaches
  6 goblins
  5 hobgoblins
  2 jackals (D:3)
  8 bats
  2 giant newts
  9 kobolds
  A quokka (D:2)
  8 rats
53 creatures vanquished.

Vanquished Creatures (collateral kills)
  An orc priest (D:3)
  2 orc wizards (D:3)
  An adder (D:3)
  3 worms
  A giant gecko (D:1)
  5 orcs (D:3)
  A giant cockroach (D:1)
  A hobgoblin (D:3)
  A giant newt (D:3)
  4 goblins
  2 kobolds
22 creatures vanquished.

Vanquished Creatures (others)
  A crimson imp (D:3)
  2 hounds (D:3)
  2 shadow imps (D:3)
  2 white imps (D:3)
  2 bats
  2 quokkas
  5 rats
16 creatures vanquished.

Grand Total: 91 creatures vanquished

Notes
Turn   | Place    | Note
--------------------------------------------------------------
     0 | D:1      | PolkaDot, the Vampire Summoner, began the quest for the Orb.
     0 | D:1      | Reached XP level 1. HP: 13/13 MP: 3/3
   341 | D:1      | Reached XP level 2. HP: 19/19 MP: 0/4
   348 | D:1      | Learned a level 2 spell: Call Imp
   717 | D:1      | Reached skill level 1 in Throwing
  1141 | D:2      | Reached XP level 3. HP: 24/24 MP: 6/6
  1218 | D:2      | Found a stormy altar of Qazlal.
  2170 | D:3      | Reached skill level 5 in Summonings
  2170 | D:3      | Reached XP level 4. HP: 13/30 MP: 8/8
  2177 | D:3      | HP: 1/30 [bat (1)]
  2184 | D:3      | Gained mutation: Your muscles are strong. (Str +2) [potion of mutation]
  2184 | D:3      | Gained mutation: You are dopey. (Int -2) [potion of mutation]
  2185 | D:3      | HP: 1/30 [bat (1)]
  2193 | D:3      | HP: 1/30 [hobgoblin (4)]
  2351 | D:3      | Learned a level 3 spell: Call Canine Familiar
  2449 | D:3      | Found a sparkling altar of Nemelex Xobeh.
  2450 | D:3      | Found an opulent altar of Gozag.
  2504 | D:3      | Reached XP level 5. HP: 33/35 MP: 9/9
  2521 | D:3      | Noticed Plastic's ghost (average OgBe)
  2541 | D:3      | Reached skill level 6 in Summonings
  2578 | D:3      | Killed Plastic's ghost
  3028 | D:3      | Noticed Ijyb
  3034 | D:3      | Killed from afar by Ijyb

Action                   |  1- 3 |  4- 6 || total
-------------------------+-------+-------++-------
Melee: Unarmed           |    44 |       ||    44
       Short sword       |    38 |       ||    38
       Hand axe          |    61 |    72 ||   133
Throw: Dart              |    51 |       ||    51
 Cast: Summon Small Mamm |    36 |     6 ||    42
       Call Imp          |     5 |    11 ||    16
       Call Canine Famil |       |     6 ||     6
  Use: Potion            |     1 |     4 ||     5
 Stab: Distracted        |     1 |     2 ||     3
       Sleeping          |     5 |     1 ||     6
